 Dungeon Crawl Stone Soup version 0.31-a0-819-gf6de2f5ab6 (webtiles) character file.

Game seed: 1180308320791887519

156 qw the Shooter (level 5, -6/32 HPs)
             Began as a Gargoyle Hunter on Sept 23, 2023.
             Killed by divine providence
             ... invoked by an orc priest
              (9 damage)
             ... on level 3 of the Dungeon.
             The game lasted 00:00:47 (2410 turns).

qw the Shooter (Gargoyle Hunter)                    Turns: 2410, Time: 00:00:47

Health: -6/32      AC: 10    Str: 14    XL:     5   Next: 38%
Magic:  5/5        EV: 11    Int: 10    God:
Gold:   131        SH:  0    Dex: 15    Spells: 4/4 levels left

rFire   + . .        Y - +1 shortbow
rCold   . . .        (shield currently unavailable)
rNeg    + . .        f - +0 ring mail
rPois   inf          (no helmet)
rElec   +            (no cloak)
rCorr   +            d - +0 pair of gloves
SInv    .            (no boots)
Will    +....        (no amulet)
Stlth   +            e - ring of Midwinter {rPois rF+ Will+ rCorr Slay+3}
HPRegen 0.25/turn    (no ring)
MPRegen 0.09/turn

%: no passive effects
@: about to teleport
A: sickness immunity, AC +4, negative energy resistance 1, electricity
resistance, torment resistance 1, petrification resistance
a: no special abilities


You were on level 3 of the Dungeon.
You visited 1 branch of the dungeon, and saw 4 of its levels.

You collected 131 gold pieces.


Innate Abilities, Weirdness & Mutations

You are immune to sickness and miasma.
Your stone body is resilient. (AC +4)
You are immune to poison.
You resist negative energy. (rN+)
You are resistant to electric shocks. (rElec)
You are resistant to unholy torment.
You are immune to petrification.


   Skills:
 - Level 3.0 Fighting
 + Level 5.9 Ranged Weapons
 - Level 1.5 Armour
 - Level 1.5 Dodging
 - Level 1.1 Stealth


You had 4 spell levels left.
You didn't know any spells.
Your spell library was empty.

Inventory:

Hand Weapons
 Y - a +1 shortbow (weapon)
Armour
 d - a +0 pair of gloves (worn)
 f - a +0 ring mail (worn)
Jewellery
 e - the ring of Midwinter (left hand) {rPois rF+ Will+ rCorr Slay+3}
   (You found it on level 3 of the Dungeon)

   [ring of poison resistance]

   Slay+3:    It affects your accuracy & damage with ranged weapons and melee
   (+3).
   rF+:       It protects you from fire.
   rPois:     It protects you from poison Will+: It increases your willpower.
   rCorr:     It protects you from acid and corrosion.
Scrolls
 a - 2 scrolls of teleportation
Potions
 g - 2 potions of curing

Dungeon Overview and Level Annotations

Branches:
Dungeon (4/15)
 Temple: D:4-7

Altars:
Elyvilon
Ru
Zin
The Shining One

Annotations:
D:3 Eustachio


Message History

You kill the orc!
You start resting.
HP restored.
Done exploring.
What level of the Dungeon? (default 4, ? - help)
You climb downwards.
Level annotation: Eustachio The ball python hisses angrily.
The orc priest hits you but does no damage.
The orc priest barely misses you. The ball python bites you.
The ball python grabs you. The ball python constricts you.
There is a stone staircase leading up here.
You shoot an arrow. The arrow hits the ball python!
You kill the ball python!
The orc priest misses you.
2406 |||
Found retreat position at 0,1 (floor) with 0 blocking monsters and 1 monsters attacking at destination at distance 1
2406 ||| STAIRDANCE The orc priest invokes the aid of Beogh against you.
Beogh smites you! Eustachio hits you with a +0 rapier.
You climb upwards.
There is a stone staircase leading down here.
Enter note:
Enter note: You shoot an arrow.
The arrow hits Eustachio.
Eustachio is lightly wounded.
Eustachio hits you with a +0 rapier.
The orc priest calls down the wrath of Beogh upon you.
Beogh smites you!
2409 ||| READING 3 scrolls of teleportation.
As you read the scroll of teleportation, it crumbles to dust.
You feel strangely unstable.
Eustachio mumbles some strange words.
The orc priest barely misses you.
2410 |||
Found retreat position at 4,7 (floor) with 0 blocking monsters and 2 monsters attacking at destination at distance 7
Enter note:
Enter note:
2410 ||| Stepping ~*~*~tactically~*~*~ (retreating).
The orc priest calls down the wrath of Beogh upon you.
Beogh smites you!
You die...

#.... #)...
#############################....
..........<......................
....................[............
.....#.......################....
.....#.......###o..#...## #####
.....#.<.....##.>[......##
.....#.........@@......:.#
.....#####...[.5.........# #.####
#####...........# ..# ######
#..........## ### #....#
#.....#...########## #####....#
###.####..###.......
...##....#######..#....._........
##..................##.##........
.........########..###...........


You could see Eustachio, an orc priest and an ufetubus (summoned).

Vanquished Creatures
  An orc priest (D:3)
  4 gnolls (D:3)
  3 adders
  A worm (D:2)
  3 orcs (D:3)
  7 ball pythons
  8 bats
  5 endoplasms
  A giant cockroach (D:1)
  4 goblins
  5 hobgoblins
  2 kobolds
  5 quokkas
  2 frilled lizards (D:2)
  4 rats
55 creatures vanquished.

Notes
Turn   | Place    | Note
-------+----------+-------------------------------------------
     0 | D:1      | qw the Gargoyle Hunter began the quest for the Orb.
     0 | D:1      | Reached XP level 1. HP: 12/12 MP: 1/1
     0 | D:1      | 0 ||| qw: Version: 0.3-a-83-gcd0e7d8
     0 | D:1      | 0 ||| qw: Game counter: 1661
     0 | D:1      | 0 ||| qw: Melee chars always use a shield: true
     0 | D:1      | 0 ||| qw: God list: Okawaru
     0 | D:1      | 0 ||| qw: Allow faded altars: false
     0 | D:1      | 0 ||| qw: Do Orc after clearing Dungeon:15 true
     0 | D:1      | 0 ||| qw: Do second Lair branch before Depths: true
     0 | D:1      | 0 ||| qw: Lair rune preference: random
     0 | D:1      | 0 ||| qw: Goals: Normal
     0 | D:1      | 0 ||| PLANNING D:1-11
   211 | D:1      | Reached XP level 2. HP: 6/17 MP: 2/2
   662 | D:1      | Reached XP level 3. HP: 21/21 MP: 3/3
   757 | D:1      | 757 ||| UPGRADING to +0 pair of gloves.
   762 | D:1      | 762 ||| DROPPING scarf of shadows.
   763 | D:1      | 763 ||| READING scroll labelled SAIGAPLUTIGG.
   766 | D:1      | 766 ||| READING scroll labelled XOOSMOMPE.
   767 | D:1      | 767 ||| READING scroll labelled EQIKEU GIZE.
   768 | D:1      | 768 ||| READING 2 scrolls labelled WALOIM SOEGH.
   769 | D:1      | 769 ||| DRINKING 2 black potions.
   770 | D:1      | 770 ||| DROPPING scroll of butterflies.
   771 | D:1      | 771 ||| DROPPING scroll of fear.
   878 | D:2      | Reached skill level 5 in Ranged Weapons
  1041 | D:2      | Found a glowing golden altar of the Shining One.
  1328 | D:2      | Found a faded altar of an unknown god.
  1771 | D:2      | 1771 ||| READING scroll labelled TAEMIE ULINN.
  1821 | D:3      | 1821 ||| Stepping ~*~*~tactically~*~*~ (retreating).
  1823 | D:3      | Reached skill level 3 in Fighting
  1823 | D:3      | Reached XP level 4. HP: 28/28 MP: 4/4
  1825 | D:3      | 1825 ||| Stepping ~*~*~tactically~*~*~ (retreating).
  1826 | D:3      | 1826 ||| Stepping ~*~*~tactically~*~*~ (retreating).
  1828 | D:3      | 1828 ||| Stepping ~*~*~tactically~*~*~ (retreating).
  1829 | D:3      | 1829 ||| Stepping ~*~*~tactically~*~*~ (retreating).
  1906 | D:3      | Found a sacrificial altar of Ru.
  1980 | D:3      | Found a white marble altar of Elyvilon.
  1982 | D:3      | Identified the ring of Midwinter {rPois rF+ Will+ rCorr
                  | Slay+3}
  2011 | D:3      | Reached XP level 5. HP: 32/32 MP: 5/5
  2038 | D:3      | Found a glowing silver altar of Zin.
  2280 | D:3      | 2280 ||| UPGRADING to +0 ring mail.
  2290 | D:3      | 2290 ||| DROPPING +0 leather armour.
  2291 | D:3      | 2291 ||| UPGRADING to ring of Midwinter {rPois rF+ Will+
                  | rCorr Slay+3}.
  2292 | D:3      | 2292 ||| READING scroll labelled SOTHUUNG DEUJ.
  2328 | D:4      | Noticed Eustachio
  2329 | D:4      | 2329 ||| STAIRDANCE
  2337 | D:3      | Reached skill level 1 in Armour
  2361 | D:4      | 2361 ||| STAIRDANCE
  2406 | D:4      | 2406 ||| STAIRDANCE
  2408 | D:3      | HP: 3/32 [orc priest/divine providence (11)]
  2409 | D:3      | 2409 ||| READING 3 scrolls of teleportation.
  2410 | D:3      | 2410 ||| Stepping ~*~*~tactically~*~*~ (retreating).
  2410 | D:3      | Killed from afar by an orc priest

Levels and vault maps discovered:
D:1:      wander_arrival_desolate, layout_basic, chequers_arboretum,
          minmay_quantized
D:2:      layout_basic, basic_ecumenical_altar, basic_altar
D:3:      layout_rooms, nicolae_ru_awakened_eye, overflow_temple_1_default,
          lemuel_doored_altar
D:4:      layout_loops_corners, uniq_crazy_yiuf_cottage, uniq_eustachio

Skill      XL: |  1  2  3  4  5 |
---------------+----------------+-----
Ranged Weapons | 5 |  5.9
Fighting       | 3 |  3.0
Armour         | 1 |  1.5
Dodging        | |  1.5
Stealth        | |  1.1

Action                     |  1- 3 |  4- 6 || total
---------------------------+-------+-------++-------
   Fire: Shortbow          |    99 |    66 ||   165
    Use: Scroll            |     5 |     2 ||     7
         Potion            |     1 |       ||     1
 Armour: Leather armour    |    19 |    34 ||    53
         Ring mail         |       |    18 ||    18
  Dodge: Dodged            |    24 |    54 ||    78

Table legend:
 A = Non-vault XP
 B = Vault XP
 C = Vault XP percentage of total XP
 D = Non-vault monster count
 E = Vault monster count
 F = Vault count percentage of total count
                 A         B        C        D         E       F
            +---------+---------+-------+---------+---------+-------
      Total |     219 |       5 |   2.2 |      51 |       4 |   7.3
            +---------+---------+-------+---------+---------+-------
        D:1 |      31 |       5 |  13.9 |      17 |       4 |  19.0
        D:2 |      31 |       0 |   0.0 |      12 |       0 |   0.0
        D:3 |     156 |       0 |   0.0 |      21 |       0 |   0.0
        D:4 |       1 |       0 |   0.0 |       1 |       0 |   0.0
            +---------+---------+-------+---------+---------+-------
